 Dungeon Crawl Stone Soup version 0.22.1-6-g1668fe2 (webtiles) character file.

101419 Fang the Severer (level 16, -1/118 HPs)
             Began as a Gargoyle Berserker on Jan 30, 2019.
             Was the Champion of Trog.
             Slain by a stone giant (25 damage)
             ... on level 2 of the Orcish Mines on Jan 31, 2019.
             The game lasted 00:41:31 (26150 turns).

Fang the Severer (Gargoyle Berserker)              Turns: 26150, Time: 00:41:32

Health: -1/118     AC: 38    Str: 29    XL:     16   Next: 30%
Magic:  25/25      EV: 14    Int:  7    God:    Trog [******]
Gold:   2478       SH:  3    Dex: 14    Spells: 15/15 levels left

rFire    + + .     SeeInvis +   q - +6 broad axe of Zoliwk {chop, rElec rF+ Stlth+}
rCold    . . .     Gourm    .   (no shield)
rNeg     + . .     Faith    .   p - +9 ring mail "Turel" {MP+9 Dex+2 Stlth+}
rPois    ∞         Spirit   .   (no helmet)
rElec    +         Reflect  +   R - +2 cloak
rCorr    +         Harm     .   C - +1 pair of gloves
MR       ++...     Rnd*Rage +   B - +2 pair of boots of the Assassin {Detection Stab+ Stlth++}
Stlth    +++++++...             h - +3 amulet of reflection
HPRegen  0.29/turn              F - ring of resist corrosion
MPRegen  0.19/turn              x - ring of Wohotwacer {rF+ Dex+3 SInv}

@: flying
A: big wings, fangs 1, berserk 1, magic resistance 1, negative energy resistance
1, robust 1, electricity resistance, unbreathing, petrification resistance, rot
immunity, AC +12
a: Stop Flying, Berserk, Trog's Hand, Brothers in Arms, Renounce Religion


You were on level 2 of the Orcish Mines.
You worshipped Trog.
Trog was exalted by your worship.
You were not hungry.

You visited 5 branches of the dungeon, and saw 25 of its levels.
You also visited: Labyrinth and Ossuary.

You collected 2478 gold pieces.

Inventory:

Hand Weapons
 b - a +3 war axe of flaming
 k - a +9 antimagic executioner's axe
 q - the +6 broad axe of Zoliwk (weapon) {chop, rElec rF+ Stlth+}
   (You acquired it on level 10 of the Dungeon)

   It inflicts extra damage upon your enemies.
   It protects you from fire.
   It insulates you from electricity.
   It makes you more stealthy.
 A - a +2 hand axe of holy wrath
 E - a +4 battleaxe of chopping
Armour
 p - the +9 ring mail "Turel" (worn) {MP+9 Dex+2 Stlth+}
   (You found it on level 12 of the Dungeon)

   It affects your dexterity (+2).
   It affects your magic capacity (+9).
   It makes you more stealthy.
 B - the +2 pair of boots of the Assassin (worn) {Detection Stab+ Stlth++}
   (You found it in a labyrinth)

   It makes you much more stealthy.
 C - a +1 pair of gloves (worn)
 Q - a +3 plate armour of fire resistance
 R - a +2 cloak (worn)
Jewellery
 h - a +3 amulet of reflection (around neck)
 x - the ring of Wohotwacer (right hand) {rF+ Dex+3 SInv}
   (You found it on level 2 of the Lair of Beasts)

   [ring of see invisible]

   It affects your dexterity (+3).
   It protects you from fire.
   It lets you see invisible.
 F - a ring of resist corrosion (left hand)
 G - a +2 ring of intelligence
 I - a +2 ring of strength
 O - an uncursed ring of stealth
Wands
 a - a wand of acid (14)
 u - a wand of scattershot (7)
 y - a wand of digging (19)
 D - a wand of enslavement (9)
 J - a wand of disintegration (19)
 K - a wand of iceblast (18)
 L - a wand of random effects (70)
 M - a wand of paralysis (17)
 P - a wand of flame (33)
Scrolls
 d - 13 scrolls of teleportation
 e - 11 scrolls of remove curse
 l - 8 scrolls of fog
 n - a scroll of blinking
 o - 3 scrolls of magic mapping
 t - 3 scrolls of fear
 w - 2 scrolls of summoning
 N - a scroll of holy word
 S - a scroll of identify
Potions
 g - 4 potions of brilliance
 i - a potion of ambrosia
 j - 6 potions of curing
 m - 3 potions of haste
 r - a potion of invisibility
 s - 2 potions of berserk rage
 v - a potion of heal wounds
 z - a potion of agility
 H - 3 potions of resistance
 T - a potion of might
 U - a potion of cancellation
Comestibles
 c - 64 rations


   Skills:
 + Level 15.6 Fighting
 + Level 17.8 Axes
 + Level 12.3 Armour
 + Level 4.9 Dodging
 + Level 8.1 Stealth


You had 15 spell levels left.
You didn't know any spells.
Your spell library was empty.

Dungeon Overview and Level Annotations

Branches:
Dungeon (15/15)            Temple (1/1) D:6            Lair (6/6) D:9
  Swamp (0/4) Lair:2       Spider (0/4) Lair:2        Slime (0/5) Lair:5
    Orc (2/2) D:9          Vaults (0/5) D:13         Depths (1/5) D:15
    Elf: Orc:2

Altars:
Dithmenos
Fedhas
Hepliaklqana
Kikubaaqudgha
Makhleb
Okawaru
Qazlal
Ru
Sif Muna
Trog
Uskayaw
Wu Jian
Yredelemnul
Zin
The Shining One
Jiyva

Shops:
Orc:2 =(*?

Annotations:
D:6 1 runed door, Fang's ghost, novice GrBe


Innate Abilities, Weirdness & Mutations

You are resistant to torment.
Your stone body is resilient. (AC +12)
You are immune to poison.
Your large and strong wings let you fly indefinitely.
You resist negative energy. (rN+)
You are resistant to electric shocks. (rElec)
You can survive without breathing.
You are immune to petrification.
You are immune to rotting.
You have very sharp teeth.
You tend to lose your temper in combat.
You are resistant to hostile enchantments. (MR+)
You are robust. (+10% HP)


Message History

The cyclops hits you but does no damage.
Things that are here:
a large rock; a giant club; an ogre corpse You slice the stone giant!!
The stone giant is heavily wounded.
You barely miss the cyclops. The stone giant hits you!!
* * * LOW HITPOINT WARNING * * *
You slash the stone giant!
You bite the stone giant, but do no damage.
The stone giant is severely wounded.
You barely miss the cyclops.
The cyclops hits you but does no damage.
You slash the stone giant!
You bite the stone giant, but do no damage.
The stone giant is severely wounded.
You slash the cyclops!
The stone giant hits you but does no damage.
Unknown command.
You feel better. The stone giant hits you!!
You die...

..............P....##
..#............∩P....#
....####.......PPP...##
...# ##....##......## .
##....(#.#######
..###......(...##
...P......(.....#
..$P...(...P#...#
#......@(..........
..P...CC†..........
.......∩(.8..##.#...
...........P.# #....
...P...P..P..# #.
...P.P.......#
.......P......#
........P....#.


You could see a stone giant and a cyclops.

Vanquished Creatures
  A minotaur (Lab)
  2 dire elephants (Lair:6)
  Snorg (D:12)
  An ettin (Orc:1)
  Erolcha (D:11)
  Josephine (Lair:6)
  A yaktaur captain (D:15)
  Fannar (Lair:1)
  6 hydras
  A catoblepas (Lair:6)
  Harold (D:7)
  6 centaur warriors
  5 two-headed ogres
  A death knight (D:14)
  A deep troll earth mage (Depths:1)
  6 death yaks
  Urug (Lair:6)
  2 tengu warriors (D:13)
  The ghost of sanboga the Cleaver, a novice GrBe of Trog (D:8)
  5 skeletal warriors
  5 deep trolls (Depths:1)
  4 wizards
  A lindwurm (Lair:6)
  Pikel (D:7)
  A necromancer (D:14)
  2 orc sorcerers
  4 orc knights
  3 deep elf magi
  An ugly thing (D:12)
  10 cyclopes
  2 manticores
  5 slime creatures
  6 black mambas
  3 elephants
  Joseph (D:7)
  17 spiny frogs
  2 gargoyles
  4 centaur skeletons
  6 rime drakes
  2 kobold demonologists (D:11)
  5 komodo dragons
  A yaktaur (D:13)
  5 trolls
  16 polar bears
  5 hippogriffs
  2 dream sheep (Lair:6)
  A blink frog (Lair:6)
  A raiju (Lair:6)
  4 wraiths (Lair:6)
  4 shadows
  A spriggan (shapeshifter) (D:14)
  Grum (D:11)
  A spriggan (D:10)
  7 wyverns
  16 yaks
  Eustachio (D:6)
  6 basilisks
  A hungry ghost (D:9)
  A vampire mosquito (D:13)
  Menkaure (D:7)
  A steam dragon (D:9)
  10 wargs
  8 water moccasins
  16 hell hounds (Lair:6)
  A soldier ant (D:11)
  6 porcupines
  5 ice beasts
  2 sky beasts
  16 black bears
  19 orc warriors
  2 slaves (D:7)
  An eye of draining (D:9)
  2 necrophages
  4 phantoms
  7 ogres
  48 wolves
  4 boggarts (D:15)
  10 crocodiles
  21 centaurs
  3 big kobolds
  11 bullfrogs
  2 wyvern skeletons
  16 scorpions
  10 killer bees
  An electric eel (Orc:1)
  15 wights
  4 howler monkeys
  8 crimson imps
  4 centaur zombies
  A human zombie (Ossuary)
  A quasit (D:8)
  2 bullfrog zombies (D:13)
  11 orc priests
  9 hounds
  6 jellies
  19 orc wizards
  2 bullfrog skeletons
  6 iguanas
  12 worker ants
  12 hell rats
  A big kobold zombie (Ossuary)
  2 hound zombies
  A hound skeleton (D:4)
  3 mummies (Ossuary)
  A howler monkey zombie (D:6)
  A worker ant zombie (D:6)
  6 gnolls
  5 scorpion zombies (Ossuary)
  12 adders
  6 shadow imps
  4 worms
  2 dart slugs (D:2)
  6 leopard geckos
  86 orcs
  A ball python (D:2)
  3 giant cockroaches
  7 goblins
  6 hobgoblins
  15 jackals
  4 quokkas
  7 bats
  5 frilled lizards
  4 gnoll zombies (Ossuary)
  A goblin zombie (Ossuary)
  A hobgoblin zombie (Ossuary)
  A jackal skeleton (D:5)
  13 kobolds
  2 kobold zombies (Ossuary)
  A leopard gecko skeleton (D:7)
  2 leopard gecko zombies
  A quokka skeleton (D:8)
  10 rats
  8 fungi
  7 plants
778 creatures vanquished.

Vanquished Creatures (collateral kills)
  A death yak (Lair:6)
  A freezing wraith (D:14)
  A wraith (D:14)
  A centaur (D:14)
4 creatures vanquished.

Vanquished Creatures (others)
  An orc warrior (Orc:1)
  An ogre (Orc:2)
  A human (D:7)
  A hobgoblin zombie (Ossuary)
  2 orc zombies (Ossuary)
  9 fungi
  7 plants
22 creatures vanquished.

Grand Total: 804 creatures vanquished

Notes
Turn   | Place    | Note
-------+----------+-------------------------------------------
     0 | D:1      | Fang the Gargoyle Berserker began the quest for the Orb.
     0 | D:1      | Reached XP level 1. HP: 14/14 MP: 1/1
    42 | D:1      | Reached XP level 2. HP: 7/19 MP: 2/2
   507 | D:1      | Reached skill level 3 in Axes
  1306 | D:1      | Reached XP level 3. HP: 24/24 MP: 3/3
  1391 | D:2      | Reached ** piety under Trog
  1437 | D:2      | Found a glowing silver altar of Zin.
  1614 | D:2      | Reached XP level 4. HP: 24/29 MP: 4/4
  2190 | D:2      | Reached XP level 5. HP: 33/33 MP: 5/5
  2319 | D:3      | Reached skill level 4 in Axes
  2542 | D:3      | Found a sacrificial altar of Ru.
  2704 | D:3      | Reached *** piety under Trog
  3192 | D:4      | Reached XP level 6. HP: 36/39 MP: 6/6
  3200 | D:4      | Found an ancient bone altar of Kikubaaqudgha.
  3229 | D:4      | Found a sand-covered staircase.
  3247 | Ossuary  | Entered an ossuary
  3393 | Ossuary  | Reached skill level 5 in Axes
  3398 | Ossuary  | Reached XP level 7. HP: 32/44 MP: 7/7
  4041 | Ossuary  | Reached skill level 5 in Fighting
  4041 | Ossuary  | Reached skill level 6 in Axes
  4109 | Ossuary  | Reached XP level 8. HP: 24/49 MP: 8/8
  4753 | D:4      | Found a deep blue altar of Sif Muna.
  4903 | D:4      | Reached **** piety under Trog
  5079 | D:4      | Reached skill level 7 in Axes
  5079 | D:4      | Reached skill level 1 in Stealth
  5220 | D:5      | Entered Level 5 of the Dungeon
  5601 | D:5      | Reached skill level 5 in Armour
  5637 | D:5      | Found a shadowy altar of Dithmenos.
  5867 | D:5      | Reached XP level 9. HP: 54/56 MP: 9/9
  5948 | D:5      | Found an iron altar of Okawaru.
  5958 | D:5      | Reached skill level 8 in Axes
  6360 | D:6      | Noticed Eustachio
  6384 | D:6      | Killed Eustachio
  6472 | D:6      | Reached ***** piety under Trog
  6639 | D:6      | Noticed a deep elf mage
  6653 | D:6      | Killed a deep elf mage
  6653 | D:6      | Reached skill level 9 in Axes
  6912 | D:6      | Found a hazy altar of Hepliaklqana.
  6917 | D:6      | Found a stormy altar of Qazlal.
  6935 | D:6      | Found a runed door.
  6945 | D:6      | Noticed Fang's ghost (novice GrBe)
  7008 | D:6      | Found a blossoming altar of Fedhas.
  7184 | D:6      | Found a staircase to the Ecumenical Temple.
  7232 | Temple   | Entered the Ecumenical Temple
  7633 | D:7      | Noticed Harold
  7633 | D:7      | Noticed Pikel
  7644 | D:7      | Killed Pikel
  7650 | D:7      | Killed Harold
  7650 | D:7      | Reached skill level 10 in Axes
  7650 | D:7      | Reached XP level 10. HP: 59/64 MP: 10/10
  7769 | D:7      | Found a glowing golden altar of the Shining One.
  7896 | D:7      | Noticed Menkaure
  7904 | D:7      | Killed Menkaure
  7904 | D:7      | Received a gift from Trog
  7914 | D:7      | Found a hide-covered altar of Uskayaw.
  7935 | D:7      | Noticed Joseph
  7950 | D:7      | Killed Joseph
  8190 | D:7      | Found an ancient bone altar of Kikubaaqudgha.
  8725 | D:8      | Noticed a hell beast
  8725 | D:8      | Noticed a rust devil
  8725 | D:8      | Found a basalt altar of Yredelemnul.
  8725 | D:8      | Noticed an orange demon
  8895 | D:8      | Reached skill level 11 in Axes
  8907 | D:8      | Found a runed gate.
  8907 | D:8      | Found a runed gate.
  8907 | D:8      | Found a runed gate.
  8908 | D:8      | Noticed sanboga's ghost (novice GrBe)
  9043 | D:8      | Killed sanboga's ghost
  9117 | D:8      | Found a bloodstained altar of Trog.
  9341 | D:9      | Found a burning altar of Makhleb.
  9389 | D:9      | Reached XP level 11. HP: 57/69 MP: 11/11
  9612 | D:9      | Found a staircase to the Lair.
  9918 | D:9      | Found a staircase to the Orcish Mines.
 10092 | D:9      | Found an ornate altar of the Wu Jian Council.
 10237 | D:10     | Entered Level 10 of the Dungeon
 10335 | D:10     | Reached skill level 12 in Axes
 10490 | D:10     | Received a gift from Trog
 10496 | D:10     | Identified a scroll of acquirement
 10499 | D:10     | Got a polished broad axe
 10500 | D:10     | Identified the +6 broad axe of Zoliwk {chop, rElec rF+
                  | Stlth+} (You acquired it on level 10 of the Dungeon)
 10572 | D:10     | Reached skill level 10 in Fighting
 10572 | D:10     | Reached XP level 12. HP: 68/79 MP: 12/12
 10879 | Lair:1   | Entered Level 1 of the Lair of Beasts
 10943 | Lair:1   | Reached skill level 13 in Axes
 10968 | Lair:1   | Noticed Fannar
 10985 | Lair:1   | Killed Fannar
 11490 | Lair:1   | Found a frozen archway.
 12481 | Lair:2   | Noticed a six-headed hydra
 12491 | Lair:2   | Killed a one-headed hydra
 12491 | Lair:2   | Reached XP level 13. HP: 74/85 MP: 13/13
 12681 | Lair:2   | Got a flickering bone ring
 12683 | Lair:2   | Identified the ring of Wohotwacer {rF+ Dex+3 SInv} (You
                  | found it on level 2 of the Lair of Beasts)
 12705 | Lair:2   | Found a staircase to the Swamp.
 12814 | Lair:2   | Found a hole to the Spider Nest.
 13356 | Lair:3   | Reached skill level 14 in Axes
 13743 | Lair:3   | You fall through a shaft!
 14052 | Lair:4   | Received a gift from Trog
 15380 | Lair:5   | Found a labyrinth entrance.
 15392 | Lab      | Entered a labyrinth
 15666 | Lab      | Noticed a minotaur
 15673 | Lab      | Killed a minotaur
 15673 | Lab      | Reached skill level 10 in Armour
 15689 | Lab      | Found the +2 pair of boots of the Assassin {Detection Stab+
                  | Stlth++}
 16095 | Lair:5   | Found a viscous altar of Jiyva.
 16095 | Lair:5   | Found a staircase to the Slime Pits.
 16677 | Lair:6   | Entered Level 6 of the Lair of Beasts
 16771 | Lair:6   | Reached skill level 15 in Axes
 16809 | Lair:6   | Gained mutation: Your large and strong wings let you fly
                  | indefinitely. [Gargoyle growth]
 16809 | Lair:6   | Reached XP level 14. HP: 93/94 MP: 14/14
 16955 | Lair:6   | Received a gift from Trog
 17091 | Lair:6   | Noticed Urug
 17937 | Lair:6   | Noticed a dire elephant
 17955 | Lair:6   | Killed a dire elephant
 18357 | Lair:6   | Noticed a dire elephant
 18368 | Lair:6   | Killed a dire elephant
 18374 | Lair:6   | Reached skill level 16 in Axes
 18662 | Lair:6   | Noticed Josephine
 18673 | Lair:6   | Killed Josephine
 18738 | Lair:6   | Received a gift from Trog
 18903 | Lair:6   | Killed Urug
 19274 | D:11     | Noticed Grum
 19278 | D:11     | Killed Grum
 19590 | D:11     | Noticed Erolcha
 19600 | D:11     | Killed Erolcha
 19600 | D:11     | Reached XP level 15. HP: 100/100 MP: 15/15
 20252 | D:11     | Gained mutation: You are clumsy. (Dex -2) [potion of
                  | mutation]
 20252 | D:11     | Gained mutation: You do not regenerate when monsters are
                  | visible. [potion of mutation]
 20252 | D:11     | Gained mutation: Your magical capacity is low. (-10% MP)
                  | [potion of mutation]
 20252 | D:11     | Gained mutation: You are robust. (+10% HP) [potion of
                  | mutation]
 20253 | D:11     | Lost mutation: You are clumsy. (Dex -2) [potion of
                  | mutation]
 20253 | D:11     | Lost mutation: Your magical capacity is low. (-10% MP)
                  | [potion of mutation]
 20253 | D:11     | Lost mutation: You are robust. (+10% HP) [potion of
                  | mutation]
 20253 | D:11     | Gained mutation: You are agile. (Dex +2) [potion of
                  | mutation]
 20253 | D:11     | Gained mutation: You tend to lose your temper in combat.
                  | [potion of mutation]
 20253 | D:11     | Gained mutation: You are robust. (+10% HP) [potion of
                  | mutation]
 20254 | D:11     | Lost mutation: You do not regenerate when monsters are
                  | visible. [potion of mutation]
 20254 | D:11     | Lost mutation: You are agile. (Dex +2) [potion of mutation]
 20254 | D:11     | Gained mutation: You have very sharp teeth. [potion of
                  | mutation]
 20254 | D:11     | Gained mutation: You are resistant to hostile enchantments.
                  | (MR+) [potion of mutation]
 20607 | D:12     | Noticed Snorg
 20624 | D:12     | Killed Snorg
 20899 | D:12     | Received a gift from Trog
 21390 | D:12     | Got an ancient ring mail
 21401 | D:12     | Identified the +9 ring mail "Turel" {MP+9 Dex+2 Stlth+}
                  | (You found it on level 12 of the Dungeon)
 22779 | D:13     | Found a gate to the Vaults.
 22783 | D:13     | Reached skill level 17 in Axes
 22889 | D:14     | Reached ****** piety under Trog
 22963 | D:14     | Received a gift from Trog
 22963 | D:14     | Reached skill level 15 in Fighting
 23486 | D:15     | Entered Level 15 of the Dungeon
 24138 | D:15     | Found a staircase to the Depths.
 24523 | Depths:1 | Entered Level 1 of the Depths
 24528 | Depths:1 | Reached XP level 16. HP: 118/118 MP: 16/16
 25092 | Orc:1    | Entered Level 1 of the Orcish Mines
 25867 | Orc:2    | Entered Level 2 of the Orcish Mines
 25867 | Orc:2    | Found Riguf's Antique Weapon Shoppe.
 25883 | Orc:2    | Received a gift from Trog
 26060 | Orc:2    | Found Cekef's Magic Scroll Shop.
 26111 | Orc:2    | Found Odeit's Assorted Antiques.
 26132 | Orc:2    | Found Cyus's Jewellery Shop.
 26150 | Orc:2    | Slain by a stone giant

Skill      XL: |  1  2  3  4  5  6  7  8  9 10 11 12 13 14 15 16 |
---------------+-------------------------------------------------+-----
Axes           | 3 4 5 6 7 10 11 12 13 15 16 17 | 17.8
Dodging        | 2 3 4 |  4.9
Fighting       | 4 5 6 7 8 10 11 13 14 15 | 15.6
Armour         | 3 4 5 6 7 8 9 10 11 12 | 12.3
Stealth        | 1 6 7 8 |  8.1

Action                   |  1- 3 |  4- 6 |  7- 9 | 10-12 | 13-15 | 16-18 || total
-------------------------+-------+-------+-------+-------+-------+-------++-------
Melee: Hand axe          |    80 |       |       |       |       |       ||    80
       War axe           |     7 |   207 |   395 |   164 |   555 |       ||  1328
       Battleaxe         |       |       |       |   234 |       |       ||   234
       Broad axe         |       |       |       |    41 |   585 |   139 ||   765
       Bite              |       |       |       |       |    59 |    24 ||    83
Invok: Berserk           |       |     1 |     4 |     2 |     6 |       ||    13
       Brothers in Arms  |       |       |       |       |     2 |       ||     2
 Abil: Fly               |       |       |       |       |     1 |       ||     1
  Use: Scroll            |       |       |       |    26 |    15 |       ||    41
       Potion            |       |       |       |     2 |     6 |     1 ||     9
 Stab: Sleeping          |       |       |       |       |    18 |     4 ||    22
       Distracted        |       |       |       |       |     2 |       ||     2
  Eat: Chunk             |     2 |     5 |     9 |    17 |    41 |     6 ||    80
       Ration            |       |       |     3 |     1 |     1 |       ||     5
Armor: Animal skin       |    43 |       |       |       |       |       ||    43
       Ring mail         |     5 |   142 |   197 |       |   106 |    78 ||   528
       Plate armour      |       |       |    56 |   296 |   882 |       ||  1234
Dodge: Dodged            |    80 |   137 |   227 |   179 |   580 |    96 ||  1299
Block: Other             |       |       |       |       |   147 |    16 ||   163
       Reflection        |       |       |       |       |     7 |     3 ||    10
